 Dungeon Crawl Stone Soup version 0.20-a0-537-g052e6ba (webtiles) character file.

150 esteth the Spear-Bearer (level 5, 0/57 HPs)
             Began as a Merfolk Gladiator on Jan 28, 2017.
             Succumbed to a scorpion's poison
             ... on level 4 of the Dungeon on Jan 29, 2017.
             The game lasted 00:06:29 (2132 turns).

esteth the Spear-Bearer (Merfolk Gladiator)         Turns: 2132, Time: 00:06:30

Health: 0/57       AC: 22    Str: 14    XL:     5   Next: 32%
Magic:  5/5        EV:  2    Int:  7    God:
Gold:   122        SH:  0    Dex: 17    Spells: 4/4 levels left

rFire    . . .     SeeInvis .   a - +0 trident
rCold    . . .     Gourm    .   (armour currently unavailable)
rNeg     + + +     Faith    .   (no shield)
rPois    +         Spirit   .   (helmet currently unavailable)
rElec    .         Reflect  .   (cloak currently unavailable)
rCorr    .         Harm     .   (gloves currently unavailable)
MR       .....     NoTele   +   (boots currently unavailable)
Stlth    ++........             (no amulet)
Regen    0.2/turn               (no ring)
                                (no ring)

@: lethally poisoned (0 -> -11), tree-form
A: (change form in water), (swift swim), (stealthy swim)
a: no special abilities


You were on level 4 of the Dungeon.
You were not hungry.
You were a tree.
You visited 1 branch of the dungeon, and saw 4 of its levels.

You collected 122 gold pieces.

Inventory:

Hand Weapons
 a - a +0 trident (weapon)
Missiles
 d - 3 throwing nets (quivered)
 x - 6 javelins
Armour
 c - a +0 helmet (melded)
 h - a +0 chain mail
 k - a +0 leather armour (melded)
 m - a +0 cloak (melded)
 n - a +0 pair of boots (melded)
 o - a +0 pair of gloves (melded)
Scrolls
 j - a scroll of teleportation
 q - a scroll of identify
 s - a scroll of remove curse
Potions
 e - 2 potions of haste
Comestibles
 f - 3 bread rations {@e1}
 g - 4 royal jellies
 p - a meat ration {@e2}
 u - 2 fruits
 v - 3 chunks of flesh {@w0}


   Skills:
 - Level 2.1 Fighting
 + Level 8.4 Polearms
 - Level 2.0 Throwing
 - Level 4.0 Dodging


You had 4 spell levels left.
You didn't know any spells.

Dungeon Overview and Level Annotations

Branches:
Dungeon (4/15)
 Temple: D:4-7

Altars:
Qazlal


Message History

* * * LOW HITPOINT WARNING * * *
You turn into a tree.
Your +0 cloak melds into your body.
Your +0 helmet melds into your body.
Your +0 pair of gloves melds into your body.
Your +0 pair of boots melds into your body.
Your +0 leather armour melds into your body.
Your roots penetrate the ground.
* * * LOW HITPOINT WARNING * * *
You feel sick. The scorpion stings you.
* * * LOW HITPOINT WARNING * * *
You hit the scorpion but do no damage.
* * * LOW HITPOINT WARNING * * *
You feel sick.
The scorpion stings you but does no damage.
You hit the scorpion but do no damage.
* * * LOW HITPOINT WARNING * * *
You feel sick.
The scorpion stings you but does no damage.
You hit the scorpion but do no damage.
You die...

.. #.# #
..##.### .
.#....# # #.
.....#
#.##.##....##
#...........#
#........#
#..†♣....#
##.#s..<#....#
# ##.### #.#
.... #.#.#.
#...#.# # ...
. ..># ##


You could see a scorpion.

Vanquished Creatures
  A scorpion (D:4)
  4 adders
  2 worms (D:3)
  2 leopard geckos
  4 orcs (D:3)
  3 giant cockroaches (D:2)
  8 hobgoblins
  2 quokkas
  A ball python (D:3)
  5 bats
  7 frilled lizards
  5 goblins
  7 kobolds
  6 rats
57 creatures vanquished.

Notes
Turn   | Place    | Note
-------+----------+-------------------------------------------
     0 | D:1      | esteth the Merfolk Gladiator began the quest for the Orb.
     0 | D:1      | Reached XP level 1. HP: 16/16 MP: 1/1
   243 | D:1      | Reached skill level 5 in Polearms
   274 | D:1      | Reached XP level 2. HP: 22/22 MP: 2/2
   678 | D:2      | Found a stormy altar of Qazlal.
   775 | D:2      | Reached skill level 6 in Polearms
   775 | D:2      | Reached XP level 3. HP: 27/27 MP: 3/3
  1481 | D:3      | Reached skill level 7 in Polearms
  1481 | D:3      | Reached XP level 4. HP: 33/33 MP: 4/4
  2125 | D:4      | Reached skill level 8 in Polearms
  2125 | D:4      | Reached XP level 5. HP: 22/38 MP: 5/5
  2130 | D:4      | HP: 2/57 [poisoned by a scorpion]
  2132 | D:4      | Succumbed to a scorpion's poison

Vault maps used:
D:1:      onia_arrival_mini_spirals, minmay_tetromino_o2
D:2:      lemuel_upstairs_altar, grunt_qazlal_sundering
D:3:      first_bread

Skill      XL: |  1  2  3  4 |
---------------+-------------+-----
Polearms       | 5 6 7 8 |  8.4
Fighting       | |  2.1
Throwing       | |  2.0
Dodging        | |  4.0

Action                   |  1- 3 |  4- 6 || total
-------------------------+-------+-------++-------
Melee: Trident           |   120 |    67 ||   187
  Use: Potion            |       |     6 ||     6
       Scroll            |       |     5 ||     5
 Stab: Sleeping          |     3 |     2 ||     5
  Eat: Chunk             |     2 |     2 ||     4
Armor: Leather armour    |    23 |    11 ||    34
       Skin              |       |     2 ||     2
Dodge: Dodged            |    60 |    29 ||    89
